 Dungeon Crawl Stone Soup version 0.30.0-20-g3b4254fcbd (webtiles) character file.

Game seed: 11333531287878600967

108 IndexError the Gusty (level 4, -2/33 HPs)
             Began as a Draconian Air Elementalist on June 2, 2023.
             Killed from afar by an orc wizard (9 damage)
             ... with a puff of flame
             ... on level 3 of the Dungeon.
             The game lasted 00:03:26 (2313 turns).

IndexError the Gusty (Draconian Air Elementalist)   Turns: 2313, Time: 00:03:27

Health: -2/33      AC:  8    Str: 10    XL:     4   Next: 58%
Magic:  0/8        EV: 12    Int: 17    God:
Gold:   97         SH:  0    Dex: 12    Spells: 5/8 levels left

rFire   . . .        h - +1 whip (drain)
rCold   . . .        (no shield)
rNeg    . . .        (body armour unavailable)
rPois   .            (helmet restricted)
rElec   .            p - +1 cloak
rCorr   .            k - +0 pair of gloves
SInv    .            (no boots)
Will    .....        m - amulet of the acrobat
Stlth   +            (no ring)
HPRegen 0.25/turn    (no ring)
MPRegen 0.11/turn

%: acrobat
@: confused
A: AC +5, unfitting armour, cold-blooded
a: no special abilities


You were on level 3 of the Dungeon.
You visited 1 branch of the dungeon, and saw 3 of its levels.

You collected 97 gold pieces.

Inventory:

Hand Weapons
 h - a +1 whip of draining (weapon)
   (You took it off a kobold on level 1 of the Dungeon)
Armour
 k - a +0 pair of gloves (worn)
   (You found it on level 3 of the Dungeon)
 p - a +1 cloak (worn)
   (You found it on level 3 of the Dungeon)
Magical Staves
 j - a staff of fire {rF+}
   (You found it on level 2 of the Dungeon)
Jewellery
 m - an amulet of the acrobat (around neck)
   (You found it on level 2 of the Dungeon)
Scrolls
 c - a scroll of poison {unknown}
 e - a scroll of fog {unknown}
 i - 2 scrolls of enchant armour {unknown}
 n - a scroll of teleportation {unknown}
 o - a scroll of identify {unknown}
Potions
 a - a potion of magic
 b - 3 potions of might {unknown}
 d - 2 potions of ambrosia {unknown}
 f - 2 potions of brilliance {unknown}
 g - 2 potions of degeneration {unknown}
 l - a potion of flight {unknown}


   Skills:
 - Level 1.7 Dodging
 - Level 1.7 Stealth
 + Level 2.9 Spellcasting
 - Level 2.0 Conjurations
 * Level 4.4 Air Magic


You had 5 spell levels left.
You knew the following spells:

 Your Spells              Type           Power      Damage    Failure   Level
a - Shock                 Conj/Air       52%        1d6       4%          1
b - Static Discharge      Conj/Air       26%        2-4/arc   7%          2

Your spell library contained the following spells:

 Spells                   Type           Power      Damage    Failure   Level
 Swiftness                Air            17%        N/A       9%          3
 Kiss of Death            Conj/Necr      20%        2d7       12%         1
 Airstrike                Air            8%         2d(2-18)  28%         4
 Confusing Touch          Hex            2%         N/A       47%         3
 Dispel Undead            Necr           2%         3d7       87%         4


Dungeon Overview and Level Annotations

Branches:
Dungeon (3/15)

Altars:
Qazlal


Innate Abilities, Weirdness & Mutations

Your plain brown scales are hard. (AC +5)
You cannot fit into any form of body armour.
You are cold-blooded and may be slowed by cold attacks.


Message History

The orc shouts!
You hear a shout!
You now have 3/7 mp.
The zap hits the orc priest.
The zap misses the orc.
The zap hits the worm.
An orc wizard comes into view. It is wielding a +0 dagger.
You now have 2/7 mp.
The zap hits the orc priest.
The zap hits the orc. x2; The zap hits the worm.
The orc priest barely misses you.
You now have 1/7 mp.
The zap misses the orc priest.
The zap hits the orc. x2
The zap hits the worm.
The zap hits the orc wizard.
The orc priest hits you with a +0 flail!
You take 8 damage, and have 25/33 hp.
MASSIVE DAMAGE!!
You now have 0/8 mp.
You are out of magic!
You hit the orc priest but do no damage.
You drain the orc priest.
The orc priest calls upon Beogh to heal the orc.
The orc's wounds heal themselves!
You closely miss the orc priest.
The orc priest hits you with a +0 flail.
You take 3 damage, and have 22/33 hp.
You closely miss the orc priest.
The orc priest hits you with a +0 flail.
You take 2 damage, and have 20/33 hp.
You closely miss the orc priest. The orc priest closely misses you.
You completely miss the orc priest.
The orc priest hits you with a +0 flail.
You take 2 damage, and have 18/33 hp.
You hit the orc priest. You tail-slap the orc priest.
The orc priest calls down the wrath of Beogh upon you.
Pain shoots through your body!
You take 6 damage, and have 12/33 hp.
You closely miss the orc priest. You tail-slap the orc priest.
Your magical contamination has completely faded away.
You closely miss the orc.
Your tail-slap misses the orc.
The orc hits you but does no damage.
You hit the orc. You drain the orc. You hit the worm. You drain the worm.
The orc wizard points at you and mumbles some strange words.
The puff of flame hits you!
* * * LOW HITPOINT WARNING * * *
You take 7 damage, and have 6/33 hp.
MASSIVE DAMAGE!!
The orc wizard completely misses you.
Things that are here:
a +0 short sword; a +0 flail You closely miss the orc wizard.
The orc wizard hits you but does no damage.
You closely miss the orc wizard.
Your tail-slap misses the orc wizard.
The orc wizard hits you with a +0 dagger.
* * * LOW HITPOINT WARNING * * *
You take 1 damage, and have 5/33 hp.
You hit the orc wizard but do no damage.
You drain the orc wizard. The orc wizard closely misses you.
You closely miss the orc wizard.
The orc wizard hits you but does no damage.
You hit the orc wizard.
Your tail-slap misses the orc wizard.
The orc wizard hits you but does no damage.
You barely miss the orc wizard. You tail-slap the orc wizard.
The orc wizard closely misses you.
You barely miss the orc wizard.
Your tail-slap misses the orc wizard.
The orc wizard misses you.
You closely miss the orc wizard.
The orc wizard gestures wildly while chanting.
The orc wizard flickers and vanishes!
Deactivating autopickup; reactivate with Ctrl-A.
You barely miss something.
Something hits you but does no damage. x2
You barely miss something. Something hits you but does no damage.
You barely miss something. Something hits you.
* * * LOW HITPOINT WARNING * * *
You take 1 damage, and have 6/33 hp.
You are too injured to fight recklessly!
Casting: Shock (safe; 4% risk of failure)
Confirm with . or Enter, or press ? or * to list all spells.
Aiming: Shock (safe; 4% risk of failure)
Press: ? - help, Shift-Dir - straight line, f - orc
Aim: an orc, wielding a +0 club (68% to hit)
The zap misses the orc.
Something hits you but does no damage.
You now have 2/8 mp.
Casting: Shock (safe; 4% risk of failure)
Confirm with . or Enter, or press ? or * to list all spells.
Aiming: Shock (safe; 4% risk of failure)
Press: ? - help, Shift-Dir - straight line, f/p - orc
Aim: an orc, wielding a +0 club (68% to hit)
The zap hits something.
The zap hits the orc.
Something hits you but does no damage.
You now have 1/8 mp.
Casting: Shock (safe; 4% risk of failure)
Confirm with . or Enter, or press ? or * to list all spells.
Aiming: Shock (safe; 4% risk of failure)
Press: ? - help, Shift-Dir - straight line, f/p - orc
Aim: an orc, wielding a +0 club (moderately wounded, 68% to hit)
The zap hits the orc.
You hear some strange, mumbled words.
You are confused.
You now have 0/8 mp.
You miss something. Something hits you but does no damage.
You bump into the rock wall.
You hear some strange, mumbled words.
A puff of flame appears from out of thin air!
The puff of flame hits you!
You die...

##...........#
#...≈..~..##.#
#....§....# .#
##...§§§~..# #
#...~≈§~...#
#....§§....# .
#.#..........
....#####.#.#........
....'){@..#.#.......
....#######.#...... .
.# .... .' ...


There were no monsters in sight!

Vanquished Creatures
  An orc priest (D:3)
  2 adders
  A worm (D:3)
  3 orcs (D:3)
  7 bats
  3 endoplasms (D:1)
  2 giant cockroaches
  4 goblins
  7 hobgoblins
  4 jackals (D:1)
  5 kobolds
  2 quokkas
  5 ball pythons
  5 rats
51 creatures vanquished.

Notes
Turn   | Place    | Note
-------+----------+-------------------------------------------
     0 | D:1      | IndexError the Draconian Air Elementalist began the quest
                  | for the Orb.
     0 | D:1      | Reached XP level 1. HP: 14/14 MP: 3/3
   299 | D:1      | Reached XP level 2. HP: 20/20 MP: 3/5
   727 | D:1      | Reached XP level 3. HP: 26/26 MP: 4/6
   925 | D:2      | Learned a level 2 spell: Static Discharge
  2040 | D:3      | Reached skill level 4 in Air Magic
  2100 | D:3      | Reached skill level 2 in Conjurations
  2144 | D:3      | Found a stormy altar of Qazlal.
  2158 | D:3      | Reached XP level 4. HP: 33/33 MP: 0/7
  2296 | D:3      | HP: 6/33 [orc wizard/puff of flame (7)]
  2308 | D:3      | HP: 6/33 [something (1)]
  2313 | D:3      | Killed from afar by an orc wizard

Illustrated notes

Levels and vault maps discovered:
D:1:      lemuel_arrival_lava_pool, layout_basic
D:2:      layout_loops_ring, minmay_door_square
D:3:      layout_basic, nicolae_qazlal_scattered_showers, pf_just_have_faith

Skill      XL: |  1  2  3 |
---------------+----------+-----
Air Magic      | 4 |  4.4
Conjurations   | 2 |  2.0
Dodging        | |  1.7
Stealth        | |  1.7
Spellcasting   | |  2.9

Action                     |  1- 3 |  4- 6 || total
---------------------------+-------+-------++-------
  Melee: Unarmed           |    20 |       ||    20
         Dagger            |    14 |       ||    14
         Tailslap          |     3 |     3 ||     6
         Punch             |     1 |       ||     1
         Whip              |     3 |    29 ||    32
   Cast: Shock             |    86 |    11 ||    97
         Static Discharge  |     4 |       ||     4
 Armour: Skin              |    18 |    11 ||    29
  Dodge: Dodged            |    50 |     8 ||    58

Levels and vault maps discovered:
D:1:      lemuel_arrival_lava_pool, layout_basic
D:2:      layout_loops_ring, minmay_door_square
D:3:      layout_basic, nicolae_qazlal_scattered_showers, pf_just_have_faith

Table legend: (Time is in decaauts)
 A = Elapsed time spent in this place.
 B = Non-inter-level travel time spent in this place.
 C = Inter-level travel time spent in this place.
 D = Time resting spent in this place.
 E = Time spent auto-exploring this place.
 F = Levels seen in this place.
 G = Mean time per level.
                   A        B        C        D        E       F      G
               +--------+--------+--------+--------+--------+-----+--------+
         Total |   2316 |   2183 |    133 |      0 |   1862 |   3 |  772.0 |
       Dungeon |   2316 |   2183 |    133 |      0 |   1862 |   3 |  772.0 |
               +--------+--------+--------+--------+--------+-----+--------+

Top non-repeatable levels by time:
     D:2: 1121 daAuts
     D:1: 957 daAuts
     D:3: 238 daAuts

Table legend:
 A = Kills in this place as a percentage of kills in the entire game.
 B = Kills by you in this place as a percentage of kills by you in the entire game.
 C = Kills by friends in this place as a percentage of kills by friends in the entire game.
 D = Other kills in this place as a percentage of other kills in the entire game.
 E = Experience gained in this place as a percentage of experience gained in the entire game.
 F = Experience gained in this place divided by the number of levels of this place that you have seen.
                   A       B       C       D       E      F
               +-------+-------+-------+-------+-------+----------------------
         Total | 100.0 | 100.0 |   N/A |   N/A | 100.0 |  51.7
       Dungeon | 100.0 | 100.0 |   N/A |   N/A | 100.0 |  51.7
               +-------+-------+-------+-------+-------+----------------------
